 Dungeon Crawl Stone Soup version 0.13.0-25-g43d4df3 (webtiles) character file.

8901 Lacuenta the Spear-Bearer (level 11, 88/88 HPs)
             Began as a Hill Orc Fighter on Oct 28, 2013.
             Was an Elder of Beogh.
             Quit the game on Level 10 of the Dungeon.
             The game lasted 00:31:32 (9125 turns).

Lacuenta the Spear-Bearer (Hill Orc Fighter)        Turns: 9125, Time: 00:31:32

HP  88/88        AC 19     Str 21      XL: 11   Next: 30%
MP  10/10        EV  4     Int 10      God: Beogh [****..]
Gold 459         SH 23     Dex 10      Spells:  0 memorised, 10 levels left

Res.Fire  : . . .   See Invis. : .   w - +2,+1 orc trident
Res.Cold  : . . .   Warding    : .   P - +0 orc plate armour
Life Prot.: . . .   Conserve   : .   c - +0 orc shield (curse)
Res.Poison: .       Res.Corr.  : .   (no helmet)
Res.Elec. : .       Clarity    : .   (no cloak)
Sust.Abil.: . .     Spirit.Shd : .   M - +0 pair of gauntlets
Res.Mut.  : .       Stasis     : .   (no boots)
Res.Rott. : .       Flight     : .   d - amulet of the gourmand
Gourmand  : +                        y - ring of wizardry
                                     (no ring)

@: somewhat resistant to hostile enchantments, extremely unstealthy
A: saprovore 1
a: Smiting, Recall Orcish Followers, Renounce Religion


You were on level 10 of the Dungeon.
You worshipped Beogh.
Beogh was greatly pleased with you.
You were full.

You visited 1 branch of the dungeon, and saw 10 of its levels.

You collected 439 gold pieces.

Inventory:

Hand weapons
 a - the +6,+1 quarterstaff of Xisunerr {crush, Noisy rElec rN+}
   (You found it on level 4 of the Dungeon)

   It inflicts extra damage upon your enemies.
   It insulates you from electricity.
   It protects you from negative energy.
   It makes noises.
 b - a +2,+3 halberd of freezing
 w - a +2,+1 orcish trident (weapon)
 T - a +1,+3 scimitar of flaming
Missiles
 V - 4 steel javelins (quivered)
Armour
 c - a cursed +0 orcish shield (worn)
 M - a +0 pair of gauntlets (worn)
 P - a +0 orcish plate armour (worn)
 U - a +1 dwarven shield
Magical devices
 r - a wand of fireball (0)
Comestibles
 v - 11 grapes
 B - 10 bread rations
 C - 3 chokos
 E - 2 pears
Scrolls
 f - 4 scrolls of fear
 g - 2 scrolls of magic mapping {unknown}
 h - a scroll of curse armour {unknown}
 i - 3 scrolls of enchant weapon II {unknown}
 j - 3 scrolls of noise
 m - 5 scrolls of teleportation
 n - 2 scrolls of enchant weapon I {unknown}
 o - 2 scrolls of random uselessness {unknown}
 q - 3 scrolls of identify
 t - 5 scrolls of remove curse
 x - 3 scrolls of blinking {unknown}
 A - a scroll of recharging {unknown}
 J - 2 scrolls of curse weapon {unknown}
 L - a scroll of vulnerability {unknown}
 N - a scroll of enchant armour {unknown}
 S - a scroll of amnesia {unknown}
Jewellery
 d - an amulet of the gourmand (around neck)
 y - a ring of wizardry (right hand)
 H - an uncursed amulet of resist mutation {unknown}
Potions
 e - a potion of degeneration {unknown}
 k - 3 potions of might {unknown}
 l - 2 potions of paralysis {unknown}
 p - 4 potions of heal wounds {unknown}
 s - a potion of curing
 u - a potion of resistance {unknown}
 z - a potion of confusion {unknown}
 F - a potion of magic {unknown}
 I - a potion of berserk rage {unknown}
 Q - a potion of slowing {unknown}
Books
 D - a Grand Grimoire {highlevel}

   This book is beyond your current level of understanding.

   Spells                             Type                      Level
   Demonic Horde                      Summoning                    6
   Mass Abjuration                    Summoning                    6
   Haunt                              Necromancy/Summoning         7
   Summon Greater Demon               Summoning                    7
   Malign Gateway                     Summoning/Translocation      7
   Summon Horrible Things             Summoning                    8
 G - a book of Battle

   Spells                             Type                      Level
   Infusion                           Charms                       1
   Shroud of Golubria                 Charms/Translocation         2
   Song of Slaying                    Charms                       2
   Spectral Weapon                    Hexes/Charms                 3
   Regeneration                       Charms/Necromancy            3
   Song of Shielding                  Charms                       4
 K - a Young Poisoner's Handbook

   Spells                             Type                      Level
   Sting                              Conjuration/Poison           1
   Cure Poison                        Poison                       2
   Mephitic Cloud                     Conjuration/Poison/Air       3
   Olgreb's Toxic Radiance            Poison                       4
   Venom Bolt                         Conjuration/Poison           5
 O - a Grand Grimoire {highlevel}

   This book is beyond your current level of understanding.

   Spells                             Type                      Level
   Demonic Horde                      Summoning                    6
   Mass Abjuration                    Summoning                    6
   Haunt                              Necromancy/Summoning         7
   Summon Greater Demon               Summoning                    7
   Malign Gateway                     Summoning/Translocation      7
   Summon Horrible Things             Summoning                    8
 R - a book of Battle

   Spells                             Type                      Level
   Infusion                           Charms                       1
   Shroud of Golubria                 Charms/Translocation         2
   Song of Slaying                    Charms                       2
   Spectral Weapon                    Hexes/Charms                 3
   Regeneration                       Charms/Necromancy            3
   Song of Shielding                  Charms                       4


   Skills:
 - Level 5.2 Fighting
 - Level 13.0 Polearms
 - Level 12.3 Armour
 + Level 5.7 Shields


You had 10 spell levels left.
You didn't know any spells.

Dungeon Overview and Level Annotations

Branches:
Dungeon (10/27)            Temple (0/1) D:7             Orc (0/4) D:9
   Lair (0/8) D:9

Altars:
Ashenzari
Cheibriados
Kikubaaqudgha
Sif Muna
Trog
Zin
the Shining One


Innate Abilities, Weirdness & Mutations

You can tolerate rotten meat.


Message History

The cyclops is heavily wounded.
Attack whom?
Press: ? - help, Dir - move target cursor, f/p - cyclops
Aim: a cyclops (heavily wounded)
You reach to attack!
You puncture the cyclops!
The cyclops is almost dead.
You puncture the cyclops!
You kill the cyclops!
Beogh accepts your kill.
No target in view!
No target in view!
You start resting.
You start resting.
You hear a distant slurping noise.
HP restored.
Read which item? (? for menu, Esc to quit)
Identify which item? (\ to view known items) (? for menu, Esc to quit)
As you read the scroll of identify, it crumbles to dust.
a - the +6,+1 quarterstaff of Xisunerr {crush, Noisy rElec rN+} Are you sure you want to abandon this character and quit the game? (Confirm with "yes".)

#.# ###+##### #.#####
#.......# ###.#....
+.......########.....###
#.......#........#.###
#.....%.'.########.#
#.......### #.#
####'####### #.#
#..(@...# #.# #######.#
#.# ..........# #.#
....CY...# #..
.........# ##.
..(....... . Y.......##
.......# ......#


There were no monsters in sight!

Vanquished Creatures
  Erica (D:10)
  Urug (D:10)
  Pikel (D:6)
  A cyclops (D:10)
  The ghost of SublimeSnake the Vandal, an experienced HaHu (D:6)
  A spriggan (D:8)
  A troll (D:9)
  Prince Ribbit (D:5)
  A wyvern (D:8)
  A hippogriff (D:7)
  Grum (D:8)
  2 necrophages (D:8)
  2 wolves (D:8)
  Edmund (D:9)
  Menkaure (D:7)
  3 slaves (D:6)
  3 orc warriors
  A black bear (D:7)
  3 ice beasts
  6 phantoms
  3 ogres
  A sky beast (D:5)
  2 centaurs
  Duvessa (D:7)
  7 giant frogs
  A big kobold (D:9)
  Blork the orc (D:6)
  A water moccasin (D:6)
  4 wights
  4 jellies
  The ghost of bart the Chopper, a weakling HOSk (D:3)
  A yak skeleton (D:7)
  A goliath beetle (D:9)
  Dowan (D:7)
  10 crimson imps
  2 hounds
  8 orc wizards
  5 scorpions
  3 iguanas
  9 worker ants
  8 ogre zombies (D:9)
  A sheep (D:10)
  A sky beast zombie (D:9)
  7 adders
  A giant centipede (D:7)
  A goliath beetle zombie (D:3)
  4 worms
  2 adder skeletons
  2 giant geckos
  4 oozes
  30 orcs
  2 ball pythons (D:3)
  15 goblins
  15 hobgoblins
  9 jackals
  3 quokkas
  13 bats
  4 giant cockroaches
  A giant gecko zombie (D:8)
  4 giant newts
  A giant spore (D:7)
  2 goblin zombies
  5 hobgoblin zombies (D:9)
  17 kobolds
  2 orc skeletons (D:9)
  18 orc zombies
  13 rats
284 creatures vanquished.

Vanquished Creatures (collateral kills)
  An orc (D:9)
  A quokka (D:9)
2 creatures vanquished.

Vanquished Creatures (others)
  A human (D:3)
  An orc priest (D:5)
  3 orcs (D:9)
  A giant spore (D:7)
6 creatures vanquished.

Grand Total: 292 creatures vanquished

Notes
Turn   | Place    | Note
--------------------------------------------------------------
     0 | D:1      | Lacuenta, the Hill Orc Fighter, began the quest for the Orb.
     0 | D:1      | Reached XP level 1. HP: 19/19 MP: 0/0
   148 | D:1      | Reached XP level 2. HP: 26/26 MP: 1/1
   694 | D:2      | Found a shattered altar of Ashenzari.
   864 | D:2      | Reached XP level 3. HP: 33/33 MP: 2/2
  1176 | D:3      | Reached skill level 4 in Fighting
  1367 | D:3      | Noticed bart's ghost (weakling HOSk)
  1509 | D:3      | Killed bart's ghost
  1509 | D:3      | Reached XP level 4. HP: 32/40 MP: 3/3
  1747 | D:3      | Reached skill level 5 in Fighting
  1793 | D:3      | Reached XP level 5. HP: 47/47 MP: 4/4
  2070 | D:3      | Found an ancient bone altar of Kikubaaqudgha.
  2071 | D:3      | Noticed a human
  2073 | D:3      | Killed a human
  2233 | D:4      | Reached skill level 5 in Polearms
  2246 | D:4      | Got a polished quarterstaff
  2310 | D:4      | Reached XP level 6. HP: 53/53 MP: 5/5
  2570 | D:4      | Reached skill level 6 in Polearms
  2735 | D:5      | Entered Level 5 of the Dungeon
  2736 | D:5      | Noticed Prince Ribbit
  2882 | D:5      | Reached skill level 7 in Polearms
  3178 | D:5      | Became a worshipper of Beogh the Brigand
  3192 | D:5      | Reached XP level 7. HP: 48/60 MP: 6/6
  3353 | D:5      | Killed Prince Ribbit
  3353 | D:5      | Reached skill level 8 in Polearms
  3853 | D:5      | Reached skill level 9 in Polearms
  3883 | D:5      | Reached XP level 8. HP: 57/68 MP: 7/7
  4131 | D:6      | Noticed SublimeSnake's ghost (experienced HaHu)
  4136 | D:6      | Reached skill level 10 in Polearms
  4172 | D:6      | Killed SublimeSnake's ghost
  4207 | D:6      | Reached skill level 11 in Polearms
  4262 | D:6      | HP: 1/68 [wight/halberd of freezing (4)]
  4923 | D:6      | Noticed Blork the orc
  4935 | D:6      | Killed Blork the orc
  4935 | D:6      | Reached XP level 9. HP: 69/73 MP: 8/8
  5164 | D:7      | Noticed Pikel
  5307 | D:6      | Killed Pikel
  5307 | D:6      | Reached skill level 12 in Polearms
  5459 | D:7      | Acquired Beogh's first power
  5726 | D:7      | Reached skill level 13 in Polearms
  5812 | D:7      | Found a staircase to the Ecumenical Temple.
  5904 | D:7      | Reached skill level 5 in Armour
  6192 | D:7      | Noticed Menkaure
  6200 | D:7      | Killed Menkaure
  6213 | D:7      | Noticed Dowan
  6215 | D:7      | Noticed Duvessa
  6225 | D:7      | Killed Duvessa
  6229 | D:7      | Killed Dowan
  6387 | D:7      | Acquired Beogh's second power
  6404 | D:7      | Reached XP level 10. HP: 75/81 MP: 9/9
  6528 | D:8      | Found a glowing golden altar of the Shining One.
  6821 | D:8      | Noticed Grum
  6836 | D:8      | Killed Grum
  7218 | D:8      | Reached skill level 10 in Armour
  7223 | D:8      | Acquired Beogh's third power
  7395 | D:8      | Found a glowing silver altar of Zin.
  7551 | D:9      | Found a snail-covered altar of Cheibriados.
  7556 | D:9      | Found a bloodstained altar of Trog.
  7561 | D:9      | Found a deep blue altar of Sif Muna.
  7591 | D:9      | Found a staircase to the Orcish Mines.
  7707 | D:9      | Acquired Beogh's fourth power
  7958 | D:9      | Noticed Edmund
  7971 | D:9      | Killed Edmund
  8182 | D:9      | Found a staircase to the Lair.
  8378 | D:10     | Entered Level 10 of the Dungeon
  8382 | D:10     | Noticed Erica
  8390 | D:10     | Killed Erica
  8390 | D:10     | Reached XP level 11. HP: 78/88 MP: 10/10
  8524 | D:10     | Noticed Urug
  8545 | D:10     | Killed Urug
  8905 | D:10     | Reached skill level 5 in Shields
  8937 | D:10     | Noticed a cyclops
  8954 | D:10     | Killed a cyclops
  9124 | D:10     | Identified the +6,+1 quarterstaff of Xisunerr {crush, Noisy rElec rN+} (You found it on level 4 of the Dungeon)
  9125 | D:10     | Quit the game

Action                   |  1- 3 |  4- 6 |  7- 9 | 10-12 || total
-------------------------+-------+-------+-------+-------++-------
Melee: Trident           |   139 |   182 |   408 |   488 ||  1217
Invok: Convert to Beogh  |       |     1 |       |       ||     1
Evoke: Wand              |       |       |     3 |       ||     3
  Use: Scroll            |       |       |     5 |     1 ||     6
       Potion            |       |       |     2 |     2 ||     4
 Stab: Distracted        |       |     1 |       |       ||     1
